 Dungeon Crawl Stone Soup version 0.31.0-2-g5a2aebc5c2 (webtiles) character file.

Game seed: 17396890590717085859

28343 solopath the Brawler (level 13, 0/124 HPs)
             Began as a Troll Shapeshifter on Jan 21, 2024.
             Was a High Priest of Wu Jian.
             Shot with an arrow by an orc warrior (5 damage)
             ... on level 2 of the Orcish Mines.
             The game lasted 00:26:16 (11254 turns).

solopath the Brawler (Troll Shapeshifter)          Turns: 11254, Time: 00:26:17

Health: 0/124      AC:  9    Str: 33    XL:     13   Next: 9%
Magic:  12/12      EV: 10    Int:  6    God:    Wu Jian [*****.]
Gold:   2196       SH:  0    Dex: 12    Spells: 12/12 levels left

rFire   . .          .
                       - Unarmed
rCold   + + +        (shield currently unavailable)
rNeg    . . .        a - +4 skin of Zhor {*Englaciate rC+++ SInv}
rPois   .            R - +2 hat
rElec   +            J - +0 cloak
rCorr   +            (gloves unavailable)
SInv    +            (boots unavailable)
Will    +....        n - amulet of regeneration
Stlth   +            V - ring "Foajenov" {rC+ Will+ Str+4 Slay+3}
HPRegen 2.00/turn    T - ring of Dithmenos's Grace {rElec rC+ rCorr Dex+3}
MPRegen 0.13/turn

%: no passive effects
@: exhausted, blade hands
A: large, unfitting armour, (claws 3), regeneration 1, shaggy fur 1, tough skin
1
a: Begin Untransformation, Renounce Religion, Wall Jump, Serpent's Lash,
Heavenly Storm


You were on level 2 of the Orcish Mines.
You worshipped Wu Jian.
Wu Jian was extremely pleased with you.
You had blades for hands.
You visited 3 branches of the dungeon, and saw 15 of its levels.
You also visited: Sewer, Bailey and Ice Cave.

You collected 2412 gold pieces.
You spent 216 gold pieces at shops.

Inventory:

Missiles
 k - 5 large rocks
 t - 35 poisoned darts (quivered)
 C - a curare-tipped dart
Armour
 a - the +4 skin of Zhor (worn) {*Englaciate rC+++ SInv}
   (You found it in an ice cave)

   *Englaciate: It radiates cold, occasionally slowing all nearby creatures who
   are not resistant to cold.
   rC+++:     It renders you almost immune to cold.
   SInv:      It lets you see invisible.
 I - +0 steam dragon scales
 J - a +0 cloak (worn)
 Q - a +2 troll leather armour {Snorg}
 R - a +2 hat (worn)
Jewellery
 n - an amulet of regeneration (around neck)
 M - a ring of see invisible
 T - the ring of Dithmenos's Grace (right blade hand) {rElec rC+ rCorr Dex+3}
   (You found it in an ice cave)

   [ring of protection from cold]

   Dex+3:     It affects your dexterity (+3).
   rC+:       It protects you from cold.
   rElec:     It insulates you from electricity.
   rCorr:     It protects you from acid and corrosion.
 U - the ring "Rosaraysch" {Fly rC+ rN+ Dex+2}
   (You found it in an ice cave)

   [ring of protection from cold]

   Dex+2:     It affects your dexterity (+2).
   rC+:       It protects you from cold.
   rN+:       It protects you from negative energy.
   Fly:       It grants you flight.
 V - the ring "Foajenov" (left blade hand) {rC+ Will+ Str+4 Slay+3}
   (You found it in an ice cave)

   [ring of protection from cold]

   Str+4:     It affects your strength (+4).
   Slay+3:    It affects your accuracy & damage with ranged weapons and melee
   (+3).
   rC+:       It protects you from cold.
   Will+:     It increases your willpower.
Talismans
 c - a beast talisman
 d - a flux talisman
 o - a blade talisman (active)
Wands
 f - a wand of roots (3)
 p - a wand of charming (12)
 w - a wand of flame (4)
 H - a wand of light (16)
 L - a wand of mindburst (7)
Scrolls
 g - 3 scrolls of fog
 h - a scroll of immolation
 j - 3 scrolls of blinking
 m - 3 scrolls of identify
 q - 4 scrolls of teleportation
 r - a scroll of enchant armour
 x - 3 scrolls of amnesia
 y - a scroll of summoning
 D - 2 scrolls of poison
 P - a scroll of enchant weapon
 S - a scroll of fear
Potions
 b - 2 potions of lignification
 e - 2 potions of might
 i - 4 potions of haste
 l - 3 potions of ambrosia
 u - a potion of berserk rage
 v - 2 potions of attraction
 z - 5 potions of curing
 B - a potion of magic {unknown}
 E - 10 potions of enlightenment
 F - 4 potions of heal wounds
 G - 2 potions of resistance
 O - a potion of mutation


   Skills:
 + Level 7.2 Fighting
 * Level 1.2 Throwing
 - Level 1.5 Dodging
 - Level 17.2 Unarmed Combat
 - Level 11.0 Shapeshifting


You had 12 spell levels left.
You didn't know any spells.
Your spell library contained the following spells:

 Spells                   Type           Power      Damage    Failure   Level
 Kiss of Death            Conj/Necr      0%         2d5       45%         1
 Summon Small Mammal      Summ           0%         N/A       45%         1
 Blink                    Tloc           0%         N/A       58%         2
 Lesser Beckoning         Tloc           0%         N/A       58%         2
 Mercury Vapours          Alch/Air       0%         N/A       58%         2
 Momentum Strike          Conj/Tloc      0%         3d8       58%         2
 Call Canine Familiar     Summ           0%         N/A       83%         3
 Confusing Touch          Hex            0%         N/A       83%         3
 Dazzling Flash           Conj/Hex       0%         N/A       83%         3
 Mephitic Cloud           Conj/Alch/Air  0%         N/A       83%         3
 Dispel Undead            Necr           0%         3d6       99%         4
 Summon Blazeheart Golem  Fire/Summ      0%         N/A       99%         4
 Curse of Agony           Necr           0%         N/A       100%        5
 Irradiate                Conj/Alch      0%         3d11      100%        5
 Silence                  Hex/Air        0%         N/A       100%        5
 Dispersal                Tloc           0%         N/A       100%        6


Dungeon Overview and Level Annotations

Branches:
Dungeon (12/15)            Temple (1/1) D:5            Lair (0/5) D:8
    Orc (2/2) D:11          Sewer (visited)          Bailey (visited)
  IceCv (visited)
    Elf: Orc:2

Altars:
Ashenzari
Cheibriados
Dithmenos
Elyvilon
Fedhas
Gozag
Hepliaklqana
Kikubaaqudgha
Makhleb
Nemelex Xobeh
Okawaru
Qazlal
Ru
Sif Muna
Trog
Uskayaw
Vehumet
Wu Jian
Xom
Yredelemnul
Zin
The Shining One
Jiyva

Shops:
D:1 (   D:6 !   D:7 [

Annotations:
D:5 2 transporters


Innate Abilities, Weirdness & Mutations

You have blades for hands.
You are incapable of wielding weapons or throwing items.
You are too large for most types of armour.
((You have claws for hands.))
Your natural rate of healing is unusually fast.
You are covered in fur. (AC +1)
You have tough skin. (AC +1)


Message History

An orc warrior comes into view. It is wielding a +0 halberd.
You spin and attack the orc warrior repeatedly.
You barely miss the orc warrior.
The orc warrior shouts!
You slash the orc warrior!
The orc warrior is heavily wounded.
You closely miss the orc warrior.
The orc warrior is heavily wounded.
You spin and attack the orc warrior.
You closely miss the orc warrior.
You hear a shout! x2
The orc shoots an arrow.
The arrow hits you but does no damage.
The orc warrior hits you with a +0 broad axe!
* * * LOW HITPOINT WARNING * * *
The orc warrior hits you with a +0 broad axe!
* * * LOW HITPOINT WARNING * * *
You spin and attack the orc warrior.
You closely miss the orc warrior.
The orc warrior is heavily wounded.
You spin and attack the orc warrior.
You slice the orc warrior!!
The orc warrior is severely wounded.
The orc shoots an arrow.
The arrow hits you.
* * * LOW HITPOINT WARNING * * *
The orc warrior barely misses you.
The orc warrior hits you with a +0 broad axe!
* * * LOW HITPOINT WARNING * * *
Items here: ))) [ †.
Unknown command.
Your muscles tense, ready for explosive movement...
Your supernatural speed expires.
Unknown command.
As you read the scroll of fog, it dissolves into smoke.
The orc shoots an arrow.
The arrow hits you.
* * * LOW HITPOINT WARNING * * *
The orc warrior unwields a +0 broad axe.
The orc warrior wields a +0 orcbow.
The orc warrior shoots an arrow.
The arrow hits you!
* * * LOW HITPOINT WARNING * * *
The orc warrior unwields a +0 broad axe.
The orc warrior wields a +0 orcbow.
The orc warrior shoots an arrow.
The arrow hits you.
You die...

.....................
............o.......#.
#.....................
.........o.....#......
.......).)))..§.......
..........)§§§§.......
..........§o§§§.......
..........§§§§§.......
......#...§§§@§)....$.
..........§§..........
............).))......
............)).......
...........).......
..........).....##.
.............###
.............#
.........#.##


You could see an orc warrior.

Vanquished Creatures
  2 azure jellies (IceCv)
  3 quicksilver oozes (IceCv)
  The ghost of monsoonserge the Basher, a journeyman OnFi of Okawaru (D:9)
  Snorg (D:10)
  2 centaur warriors (D:9)
  Erica (D:8)
  A boulder beetle (D:11)
  A two-headed ogre (D:11)
  An orc knight (Bailey)
  A manticore (D:11)
  4 cyclopes
  2 ice statues (IceCv)
  Maggie (D:6)
  2 trolls
  Grinder (D:3)
  Prince Ribbit (D:7)
  15 slime creatures
  A vampire (D:10)
  Eustachio (D:6)
  3 shadows
  A yak (shapeshifter) (D:12)
  12 yaks
  5 wyverns
  A basilisk (D:8)
  6 vampire mosquitoes (D:12)
  6 water moccasins
  Menkaure (D:6)
  4 great orb of eyes simulacra (IceCv)
  Duvessa (D:5)
  6 black bears
  21 orc warriors
  2 ice beasts (D:7)
  4 ogres
  4 phantoms
  7 centaurs
  2 slime creature simulacra (IceCv)
  3 kobold brigands
  2 brain worms (Sewer)
  4 bullfrogs
  3 glowing shapeshifter simulacra (IceCv)
  3 gnoll sergeants
  3 scorpions
  A two-headed ogre simulacrum (D:12)
  A wight (D:9)
  2 troll zombies (D:11)
  Dowan (D:5)
  18 killer bees
  A howler monkey (D:7)
  A lava snake (D:7)
  4 orc priests
  2 hounds (D:4)
  6 jellies
  A sleepcap (D:4)
  Crazy Yiuf (D:7)
  3 gnoll boudas
  3 iguanas
  18 orc wizards
  2 shapeshifter simulacra (IceCv)
  A polar bear simulacrum (D:12)
  3 spriggan simulacra (D:12)
  2 wolf simulacra (D:12)
  4 ogre zombies (D:11)
  A killer bee simulacrum (D:9)
  29 gnolls
  10 adders
  A naga simulacrum (D:12)
  2 river rats (Sewer)
  2 shadow imps
  2 white imps
  3 dart slugs
  59 orcs
  11 ball pythons
  9 bats
  8 endoplasms
  3 giant cockroaches
  4 gnoll zombies (D:11)
  6 goblins
  9 hobgoblins
  7 jackals
  14 frilled lizards
  A gnoll skeleton (D:11)
  34 kobolds
  4 orc skeletons (D:11)
  10 orc zombies (D:11)
  11 rats
461 creatures vanquished.

Vanquished Creatures (others)
  A quokka (D:8)
1 creature vanquished.

Grand Total: 462 creatures vanquished

Notes
Turn   | Place    | Note
-------+----------+-------------------------------------------
     0 | D:1      | solopath the Troll Shapeshifter began the quest for the
                  | Orb.
     0 | D:1      | Reached XP level 1. HP: 18/18 MP: 0/0
   193 | D:1      | Reached XP level 2. HP: 19/26 MP: 1/1
   347 | D:1      | Found Kogol's Antique Weapon Shoppe.
   383 | D:1      | Reached XP level 3. HP: 32/32 MP: 2/2
   999 | D:2      | Reached skill level 4 in Unarmed Combat
  1297 | D:2      | Reached XP level 4. HP: 40/40 MP: 3/3
  1735 | D:3      | Reached skill level 5 in Unarmed Combat
  1826 | D:3      | Identified the +1 leather armour of Parts Unknown {-Tele
                  | rC+ Str-3 Int+8}
  1841 | D:3      | Noticed Grinder
  1846 | D:3      | Killed Grinder
  1847 | D:3      | Reached skill level 6 in Unarmed Combat
  1847 | D:3      | Reached XP level 5. HP: 45/46 MP: 4/4
  1847 | D:3      | Reached XP level 6. HP: 52/54 MP: 5/5
  2077 | D:3      | Found a faded altar of an unknown god.
  2121 | D:3      | Found an ornate altar of the Wu Jian Council.
  2142 | D:3      | Became a worshipper of the Wu Jian Council
  2388 | D:4      | Reached skill level 7 in Unarmed Combat
  2436 | D:4      | Reached XP level 7. HP: 61/61 MP: 6/6
  2589 | D:4      | Reached * piety under Wu Jian
  2686 | D:4      | Reached skill level 8 in Unarmed Combat
  3001 | D:5      | Entered Level 5 of the Dungeon
  3001 | D:5      | Found a transporter.
  3035 | D:5      | Found a glowing drain.
  3046 | Sewer    | Entered a sewer
  3353 | Sewer    | Reached skill level 9 in Unarmed Combat
  3370 | Sewer    | Reached XP level 8. HP: 65/68 MP: 5/7
  3404 | D:5      | Noticed Dowan
  3406 | D:5      | Noticed Duvessa
  3425 | D:5      | Killed Duvessa
  3426 | D:5      | Reached skill level 5 in Shapeshifting
  3426 | D:5      | Killed Dowan
  3426 | D:5      | Reached ** piety under Wu Jian
  3657 | D:5      | Found a transporter.
  3725 | D:5      | Found a staircase to the Ecumenical Temple.
  3732 | D:5      | Got the Folio of the Jaunt and Toxicants
  3743 | Temple   | Entered the Ecumenical Temple
  3914 | D:5      | Reached skill level 10 in Unarmed Combat
  3935 | D:5      | Found a shimmering altar of Xom.
  4129 | D:5      | Found a sparkling altar of Nemelex Xobeh.
  4216 | D:6      | Noticed Eustachio
  4219 | D:6      | Noticed Menkaure
  4220 | D:6      | Killed Eustachio
  4226 | D:6      | Killed Menkaure
  4378 | D:6      | Reached XP level 9. HP: 58/75 MP: 8/8
  4597 | D:6      | Reached skill level 11 in Unarmed Combat
  4598 | D:6      | Reached *** piety under Wu Jian
  4720 | D:6      | Found Hijurphiss's Distillery.
  4725 | D:6      | Bought a potion of curing for 36 gold pieces
  4725 | D:6      | Bought a potion of heal wounds for 60 gold pieces
  4725 | D:6      | Bought a potion of resistance for 120 gold pieces
  4971 | D:6      | Noticed Maggie
  4979 | D:6      | Killed Maggie
  5577 | D:7      | Found a stormy altar of Qazlal.
  5613 | D:7      | Reached skill level 12 in Unarmed Combat
  5766 | D:7      | Found Kius's Antique Armour Boutique.
  5903 | D:7      | Noticed Prince Ribbit
  5919 | D:7      | Killed Prince Ribbit
  5920 | D:7      | Reached XP level 10. HP: 69/83 MP: 9/9
  5963 | D:7      | Reached **** piety under Wu Jian
  6284 | D:7      | Found a runed translucent door.
  6285 | D:7      | Noticed Crazy Yiuf
  6372 | D:7      | Killed Crazy Yiuf
  6418 | D:8      | Found a flagged portal.
  6449 | Bailey   | Entered a bailey
  6463 | Bailey   | Noticed an orc knight
  6490 | Bailey   | Killed an orc knight
  6490 | Bailey   | Reached skill level 1 in Fighting
  6490 | Bailey   | Reached skill level 13 in Unarmed Combat
  6498 | Bailey   | Identified the +10 plate armour of the Pit {Harm rElec rF-
                  | Str+5}
  6772 | D:8      | Found a shimmering blue altar of Sif Muna.
  6861 | D:8      | Found a transporter.
  6877 | D:8      | Found a viscous altar of Jiyva.
  6879 | D:8      | Found a transporter.
  6900 | D:8      | Identified the +8 scimitar "Sip Tipt" {protect, Dex+3}
  6919 | D:8      | Identified the +0 robe "Momot" {rPois Str+5}
  7121 | D:8      | Found a staircase to the Lair.
  7127 | D:8      | Reached skill level 14 in Unarmed Combat
  7146 | D:8      | Reached XP level 11. HP: 46/97 MP: 10/10
  7208 | D:8      | Noticed Erica
  7214 | D:8      | Killed Erica
  7277 | D:8      | Found a white marble altar of Elyvilon.
  7438 | D:9      | Noticed a centaur warrior
  7446 | D:9      | Killed a centaur warrior
  7505 | D:9      | Noticed monsoonserge's ghost (journeyman OnFi)
  7506 | D:9      | Found a runed translucent gate.
  7507 | D:9      | Found a runed translucent gate.
  7507 | D:9      | Noticed a centaur warrior
  7509 | D:9      | Found a runed translucent gate.
  7572 | D:9      | Reached ***** piety under Wu Jian
  8237 | D:9      | Killed monsoonserge's ghost
  8237 | D:9      | Killed a centaur warrior
  8237 | D:9      | Reached skill level 15 in Unarmed Combat
  8282 | D:10     | Entered Level 10 of the Dungeon
  8287 | D:10     | Noticed Snorg
  8293 | D:10     | Killed Snorg
  8332 | D:10     | Reached skill level 5 in Fighting
  8383 | D:10     | Found a sacrificial altar of Ru.
  8409 | D:10     | Found an opulent altar of Gozag.
  8589 | D:10     | Found a broken altar of Ashenzari.
  9170 | D:11     | Reached XP level 12. HP: 82/111 MP: 11/11
  9198 | D:11     | Found a staircase to the Orcish Mines.
  9265 | D:11     | Reached skill level 10 in Shapeshifting
  9338 | D:11     | Noticed a boulder beetle
  9346 | D:11     | Killed a boulder beetle
  9902 | D:11     | Noticed a two-headed ogre
  9907 | D:11     | Killed a two-headed ogre
  9908 | D:11     | Reached skill level 16 in Unarmed Combat
 10018 | D:12     | Identified a scroll of acquirement
 10018 | D:12     | Acquired 769 gold pieces
 10177 | D:12     | Found a frozen archway.
 10191 | IceCv    | Entered an ice cave
 10220 | IceCv    | Found the +4 skin of Zhor {*Englaciate rC+++ SInv}
 10278 | IceCv    | Noticed a quicksilver ooze
 10287 | IceCv    | Killed a quicksilver ooze
 10346 | IceCv    | Noticed a quicksilver ooze
 10355 | IceCv    | Killed a quicksilver ooze
 10398 | IceCv    | Found a viscous altar of Jiyva.
 10398 | IceCv    | Noticed an azure jelly
 10412 | IceCv    | Killed an azure jelly
 10455 | IceCv    | Noticed an azure jelly
 10465 | IceCv    | Killed an azure jelly
 10466 | IceCv    | Reached skill level 17 in Unarmed Combat
 10503 | IceCv    | Got the ring of Dithmenos's Grace {rElec rC+ rCorr Dex+3}
 10507 | IceCv    | Got the ring "Rosaraysch" {Fly rC+ rN+ Dex+2}
 10509 | IceCv    | Got the ring "Foajenov" {rC+ Will+ Str+4 Slay+3}
 10611 | IceCv    | Noticed a quicksilver ooze
 10617 | IceCv    | Killed a quicksilver ooze
 10620 | IceCv    | Reached XP level 13. HP: 79/124 MP: 0/12
 10882 | Orc:1    | Entered Level 1 of the Orcish Mines
 11211 | Orc:2    | Entered Level 2 of the Orcish Mines
 11231 | Orc:2    | Reached skill level 1 in Throwing
 11252 | Orc:2    | HP: 1/124 [orc warrior/arrow (11)]
 11254 | Orc:2    | Shot with an arrow by an orc warrior

Illustrated notes

Levels and vault maps discovered:
D:1:      erik_arrival_orb_chamber, layout_basic, serial_shops, shop
D:2:      layout_loops_cross, grunt_decor_cap, grunt_ministairs_3,
          mrwooster_statue_mirror
D:3:      minmay_door_path, layout_rooms, mainiacjoe_overflow_tiny_flanked,
          shapermc_ecumenical_altar_flowoftime, kennysheep_generic_room_6,
          uniq_grinder
D:4:      layout_loops_ring
D:5:      gammafunk_steamed_eel, layout_loops_ring, nemelex_dance_club_becter,
          overflow_temple_1_default, minmay_temple_entry_offerings,
          portal_sewer_entry_d, uniq_duvessa
D:6:      layout_layer_cave, serial_shops, kennysheep_little_box,
          uniq_eustachio, uniq_maggie, uniq_menkaure
D:7:      layout_rooms, nicolae_qazlal_general_emergency, serial_shops,
          nicolae_shop_behind_doors, kennysheep_cluttered_room,
          minmay_fractal_squares_diagonal_5, uniq_crazy_yiuf_cottage,
          uniq_prince_ribbit1
D:8:      gammafunk_jiyva_shrine, layout_loops_ring, elyvilon_altar_4,
          mainiacjoe_overflow_cross_hatched, minmay_lair_entry_grove,
          enter_bailey_7, columned_hall_lemuel, uniq_erica
D:9:      layout_irregular_city, gammafunk_ghost_split,
          kennysheep_generic_room_16
D:10:     layout_irregular_city, nicolae_gozag_cash_rules_everything_around_me,
          lemuel_doored_altar, mainiacjoe_overflow_six_doors_small,
          kennysheep_generic_room_10, uniq_snorg
D:11:     layout_cave_pods, zombieorc1_lemuel
D:12:     layout_cave_pods, portal_ice_cave_entry_ice_simulacra
Temple:   oiseaux_autumnal_temple
Orc:1:    layout_diamond_mine
Orc:2:    st_orc_rangers, layout_caves, blackcustard_rock_pile

Skill      XL: |  1  2  3  4  5  6  7  8  9 10 11 12 13 |
---------------+----------------------------------------+-----
Unarmed Combat | 4 6 7 9 10 12 14 15 17 | 17.2
Shapeshifting  | 4 6 7 8 9 11 | 11.0
Fighting       | 3 5 7 |  7.2
Throwing       | 1 |  1.2
Dodging        | |  1.5

Action                     |  1- 3 |  4- 6 |  7- 9 | 10-12 | 13-15 || total
---------------------------+-------+-------+-------+-------+-------++-------
  Melee: Unarmed           |    87 |   111 |   295 |   558 |    56 ||  1107
         Punch             |     2 |     2 |    14 |    27 |     6 ||    51
  Throw: Dart              |       |       |     1 |       |       ||     1
 Invoke: Serpent's Lash    |       |       |       |     7 |     1 ||     8
         Heavenly Storm    |       |       |       |     1 |       ||     1
Ability: Lunge             |       |     2 |    28 |    60 |    10 ||   100
         Whirlwind         |       |       |    16 |   185 |    23 ||   224
         Wall Jump         |       |       |     1 |     7 |       ||     8
  Evoke: Wand              |       |       |       |    19 |       ||    19
    Use: Scroll            |       |       |    13 |    10 |     1 ||    24
         Potion            |       |       |     1 |     1 |       ||     2
   Stab: Sleeping          |     1 |       |       |       |       ||     1
         Invisible         |       |       |       |     2 |       ||     2
 Armour: Animal skin       |    65 |    77 |   104 |    49 |    40 ||   335
         Steam dragon scal |       |       |    60 |    47 |       ||   107
         Robe              |       |       |       |    74 |       ||    74
         Troll leather arm |       |       |       |   113 |       ||   113
  Dodge: Dodged            |    43 |    29 |    95 |   252 |    19 ||   438
   Form: Blade             |       |       |       |     1 |     1 ||     2
         Flux              |       |       |       |       |     1 ||     1
